 Dungeon Crawl Stone Soup version 0.25.1-2-g60ff931df9 (webtiles) character file.

Game seed: 18221414147526859837

49 Exodus22XD the Poker (level 3, 0/28 HPs)
             Began as a Demonspawn Gladiator on Oct 31, 2020.
             Succumbed to a gnoll's poison
             ... on level 2 of the Dungeon.
             The game lasted 00:01:27 (964 turns).

Exodus22XD the Poker (Demonspawn Gladiator)          Turns: 964, Time: 00:01:28

Health: 0/28       AC:  5    Str: 15    XL:     3   Next: 53%
Magic:  3/3        EV: 13    Int:  9    God:
Gold:   59         SH:  0    Dex: 14    Spells: 2/2 levels left

rFire    . . .     SeeInvis .   a - +0 trident
rCold    . . .     Gourm    .   (no shield)
rNeg     . . .     Faith    .   b - +0 leather armour
rPois    .         Spirit   .   c - +0 helmet
rElec    .         Reflect  .   (no cloak)
rCorr    .         Harm     .   (no gloves)
MR       .....                  j - +0 pair of boots
Stlth    +.........             (no amulet)
HPRegen  0.09/turn              (no ring)
MPRegen  0.08/turn              (no ring)

@: lethally poisoned (0 -> -22), stab
A: powered by death 1
a: no special abilities


You were on level 2 of the Dungeon.
You were not hungry.

You visited 1 branch of the dungeon, and saw 2 of its levels.

You collected 59 gold pieces.

Inventory:

Hand Weapons
 a - a +0 trident (weapon)
Missiles
 d - 3 throwing nets (quivered)
Armour
 b - a +0 leather armour (worn)
 c - a +0 helmet (worn)
 j - a +0 pair of boots (worn)
 n - a +0 scale mail
Jewellery
 m - an uncursed ring of protection from magic {unknown}
Scrolls
 e - a scroll of fog {unknown}
 g - a scroll of remove curse {unknown}
 h - a scroll of identify {unknown}
 k - 2 scrolls of immolation {unknown}
 l - a scroll of magic mapping {unknown}
 o - a scroll of enchant armour {unknown}
Potions
 i - a potion of stabbing
Comestibles
 f - a ration


   Skills:
 + Level 2.4 Fighting
 + Level 3.4 Polearms
 - Level 1.7 Throwing
 + Level 0.5 Armour
 + Level 3.2 Dodging


You had 2 spell levels left.
You didn't know any spells.
Your spell library was empty.

Dungeon Overview and Level Annotations

Branches:
Dungeon (2/15)

Altars:


Innate Abilities, Weirdness & Mutations

You regenerate a little health from kills.


Message History

A gnoll comes into view. It is wielding a +0 spear.
* * * LOW HITPOINT WARNING * * *
You feel sick.
The gnoll shouts!
You hear an angry hiss.
The gnoll throws a poisoned dart.
The poisoned dart hits you!
You are more poisoned.
Found a stone staircase leading down.
You see here a poisoned dart.
Attack whom?
Press: ? - help, Dir - move target cursor, f - worm
Aim: a worm (heavily wounded)
You reach to attack!
You hit the worm but do no damage.
The worm is heavily wounded.
* * * LOW HITPOINT WARNING * * *
You feel sick.
A frilled lizard comes into view.
Okay, then.
You barely miss the worm.
The worm is heavily wounded.
You die...

#g.... #...
###.# ##..w#
####### #.w#.##
#.?...#
#w##w.##
#.....#
#(###..#
#.....# #w#
##w# #.....#
#@# #)###.....#
#.# #.w##..w..#
..#
###.##.##..#
#g##
#...>...##w###
#g
#........†....
#.
#..........###
.g
#.......#..###
.l
#.......<....r
.w.......###...


You could see 3 worms, 3 gnolls and a frilled lizard.

Vanquished Creatures
  An adder (D:2)
  A gnoll (D:1)
  2 dart slugs (D:1)
  A ball python (D:2)
  A giant cockroach (D:2)
  5 goblins
  2 hobgoblins
  3 bats (D:1)
  3 frilled lizards (D:1)
  3 kobolds (D:1)
  8 rats
30 creatures vanquished.

Notes
Turn   | Place    | Note
-------+----------+-------------------------------------------
     0 | D:1      | Exodus22XD the Demonspawn Gladiator began the quest for the
                  | Orb.
     0 | D:1      | Reached XP level 1. HP: 16/16 MP: 1/1
   218 | D:1      | Gained mutation: You regenerate a little health from kills.
                  | [demonic ancestry]
   218 | D:1      | Reached XP level 2. HP: 20/22 MP: 2/2
   585 | D:1      | Reached XP level 3. HP: 27/27 MP: 3/3
   963 | D:2      | HP: 1/28 [poisoned by a gnoll]
   964 | D:2      | Succumbed to a gnoll's poison

Illustrated notes

Levels and vault maps discovered:
D:1:      dpeg_arrival_solitude, layout_basic
D:2:      layout_rooms

Skill      XL: |  1 |
---------------+----+-----
Polearms       | 3 |  3.4
Dodging        | 3 |  3.2
Fighting       | |  2.4
Throwing       | |  1.7
Armour         | |  0.5

Action                   || total
-------------------------++-------
Melee: Trident           ||    92
  Use: Potion            ||     1
Armor: Leather armour    ||    33
Dodge: Dodged            ||    63
